 Dungeon Crawl Stone Soup version 0.19.1-1-g22dce08 (webtiles) character file.

0 Gargoyl the Skirmisher (level 1, -1/19 HPs)
             Began as a Ghoul Abyssal Knight on Jan 9, 2017.
             Was a Follower of Lugonu.
             Slain by a fire bat (7 damage)
             ... on level 1 of the Abyss.
             The game lasted 00:00:15 (66 turns).

Gargoyl the Skirmisher (Ghoul Abyssal Knight)         Turns: 66, Time: 00:00:16

Health: -1/19      AC:  3    Str: 15    XL:     1   Next: 0%
Magic:  1/1        EV: 11    Int:  7    God:    Lugonu [*.....]
Gold:   14         SH:  0    Dex:  8    Spells: 0 memorised, 0 levels left

rFire  . . .     SeeInvis .     a - +1 hand axe
rCold  + . .     Gourm    .     b - +0 leather armour
rNeg   + + +     Faith    .     (no shield)
rPois  ∞         Spirit   .     (no helmet)
rElec  .         Reflect  .     (no cloak)
rCorr  .         Harm     .     (no gloves)
MR     .....                    (no boots)
Stlth  +.........               (no amulet)
                                (no ring)
                                (no ring)

@: rotting
A: rotting body, claws 1, carnivore 3, cold resistance 1, negative energy
resistance 3, slow regeneration 1, torment resistance, unbreathing
a: Depart the Abyss, Renounce Religion


You were on level 1 of the Abyss.
You worshipped Lugonu.
Lugonu was aware of your devotion.
You were not hungry.

You visited 0 branches of the dungeon, and saw 0 of its levels.
You visited the Abyss 1 time.

You collected 14 gold pieces.

Inventory:

Hand Weapons
 a - a +1 hand axe (weapon)
Armour
 b - a +0 leather armour (worn)
Jewellery
 e - an uncursed ring of wizardry {unknown}
Scrolls
 d - a scroll of identify {unknown}
Comestibles
 c - a meat ration


   Skills:
 + Level 3.2 Fighting
 + Level 1.7 Axes
 + Level 1.7 Armour
 + Level 0.8 Dodging
 + Level 2.0 Invocations


You couldn't memorise any spells.
You didn't know any spells.

Dungeon Overview and Level Annotations

Branches:
Dungeon (0/15)

Altars:


Innate Abilities, Weirdness & Mutations

Your body is rotting away.
You thrive on raw meat.
You are immune to poison.
You have sharp fingernails.
You are carnivorous and can eat meat at any time.
Your flesh is cold resistant. (rC+)
You are immune to negative energy. (rN+++)
You regenerate slowly when monsters are visible.
You are immune to unholy pain and torment.
You can survive without breathing.


Message History

The tentacle pulls you backwards!
A starspawn tentacle segment comes into view.
The starspawn tentacle grabs you. The starspawn tentacle constricts you.
You escape the starspawn tentacle's grasp.
The starspawn tentacle grabs you. The starspawn tentacle constricts you.
The starspawn tentacle's grasp on you weakens, but your attempt to escape fails.
The starspawn tentacle loses its grip on you.
The tentacle pulls you backwards! The starspawn tentacle misses you.
A tentacle flies out from the starspawn's body!
The starspawn tentacle grabs you. The starspawn tentacle constricts you.
A starspawn tentacle comes into view.
You escape the starspawn tentacle's grasp.
The chaos spawn closely misses you.
A fire bat comes into view. 2 fire bats come into view.
The fire bat moves out of view.
Found a scroll labeled BOSOKHL MOOPTAZ.
The fire bat closely misses you. The fire bat bites you.
You are engulfed in flames!
You die...

§§.#.§.......§...§.
..§.§...§..§..§..§......
...§.§ §......§..§.....§
..§.#......§#...........
.#.......#.§.§..........
#.. §..§...§.....§.....
X.#..#§.§§....§§§.#..§.
.....§§.§.§..§...§§.§§§
..§.#§..##.§.4#.@.§...§
. ..§.X§.......b.b....§§
##.§§§..§§...#.#§#.§.#..
.§.§ ..§..§§.....b§.....
....§.§§.........§......
. #§§§.§........#§§...#
....#§.#..§§§..§......
§.........§..§....


You could see 3 fire bats.

Vanquished Creatures (others)
  5 starspawn tentacles (Abyss:1)
5 creatures vanquished.

Notes
Turn   | Place    | Note
-------+----------+-------------------------------------------
     0 | Abyss:1  | Gargoyl the Ghoul Abyssal Knight began the quest for the Orb.
     0 | Abyss:1  | Reached XP level 1. HP: 19/19 MP: 1/1
    43 | Abyss:1  | Noticed a tentacled starspawn
    45 | Abyss:1  | Noticed a chaos spawn
    64 | Abyss:1  | Noticed a fire bat
    64 | Abyss:1  | Noticed a fire bat
    64 | Abyss:1  | Noticed a fire bat
    66 | Abyss:1  | Slain by a fire bat

Action                   || total
-------------------------++-------
Dodge: Dodged            ||     3
